 Dungeon Crawl Stone Soup version 0.25-a0-860-gf695395b5c (webtiles) character file.

Game seed: 7928230358607366830, levelgen mode: deterministic

15 Esekla the Charmwright (level 2, -3/17 HPs)
             Began as a Deep Elf Skald on Apr 28, 2020.
             Killed from afar by a dart slug (6 damage)
             ... with a slug dart
             ... on level 1 of the Dungeon.
             The game lasted 00:02:27 (388 turns).

Esekla the Charmwright (Deep Elf Skald)              Turns: 388, Time: 00:02:27

Health: -3/17      AC:  3    Str:  8    XL:     2   Next: 34%
Magic:  8/8        EV: 12    Int: 17    God:
Gold:   9          SH:  0    Dex: 14    Spells: 6/7 levels left

rFire    . . .     SeeInvis .   a - +0 falchion
rCold    . . .     Gourm    .   (no shield)
rNeg     . . .     Faith    .   b - +0 leather armour
rPois    .         Spirit   .   (no helmet)
rElec    .         Reflect  .   (no cloak)
rCorr    .         Harm     .   (no gloves)
MR       .....                  (no boots)
Stlth    +.........             (no amulet)
HPRegen  0.05/turn              (no ring)
MPRegen  0.11/turn              (no ring)

@: no status effects
A: no striking features
a: no special abilities


You were on level 1 of the Dungeon.
You were not hungry.

You visited 1 branch of the dungeon, and saw 2 of its levels.

You collected 9 gold pieces.

Inventory:

Hand Weapons
 a - a +0 falchion (weapon)
 f - a +0 short sword of venom
 g - a +0 dagger of protection
Armour
 b - a +0 leather armour (worn)
Scrolls
 e - 2 scrolls of remove curse {unknown}
 i - a scroll of enchant armour {unknown}
Potions
 c - a potion of lignification {unknown}
 h - a potion of cancellation {unknown}
Comestibles
 d - a ration


   Skills:
 + Level 1.7 Fighting
 + Level 2.1 Long Blades
 + Level 0.8 Armour
 + Level 2.6 Dodging
 + Level 0.5 Stealth
 + Level 3.0 Spellcasting
 + Level 4.8 Charms


You had 6 spell levels left.
You knew the following spells:

 Your Spells              Type           Power        Failure   Level  Hunger
a - Infusion              Chrm           ###.         3%          1    None

Your spell library contained the following spells:

 Spells                   Type           Power        Failure   Level  Hunger
 Song of Slaying          Chrm           ###.....     4%          2    ##.....
 Shroud of Golubria       Chrm/Tloc      ##....       14%         2    ##.....
 Ozocubu's Armour         Chrm/Ice       ##......     26%         3    ###....
 Spectral Weapon          Hex/Chrm       ##......     26%         3    ###....


Dungeon Overview and Level Annotations

Branches:
Dungeon (2/15)

Altars:


Message History

You barely miss the hobgoblin. The hobgoblin barely misses you.
You barely miss the hobgoblin. The hobgoblin hits you with a +0 club.
The hobgoblin hits you but does no damage.
You hit the hobgoblin.
The hobgoblin is almost dead.
The hobgoblin hits you with a +0 club.
You hit the hobgoblin.
You kill the hobgoblin!
Things that are here:
a +0 club; a hobgoblin corpse
i - a scroll labeled LAOSEWN REPOPEGIL
Things that are here:
a +0 club; a hobgoblin corpse A dart slug comes into view.
The dart slug launches a dart at you. The slug dart hits you.
* * * LOW HITPOINT WARNING * * *
The dart slug launches a dart at you. The slug dart hits you.
You die...

#################
#...............#
#.#############.#
#@# #.# #w# #.#
#.# ##.## #..
#...# ### #...#
#...# ##.## #.#
#.#


You could see a dart slug.

Vanquished Creatures
  A giant cockroach (D:1)
  3 goblins (D:1)
  2 hobgoblins (D:1)
  3 kobolds (D:1)
  2 bats (D:1)
  3 rats (D:1)
14 creatures vanquished.

Notes
Turn   | Place    | Note
-------+----------+-------------------------------------------
     0 | D:1      | Esekla the Deep Elf Skald began the quest for the Orb.
     0 | D:1      | Reached XP level 1. HP: 12/12 MP: 6/6
   183 | D:1      | Reached XP level 2. HP: 13/17 MP: 2/8
   388 | D:1      | Killed from afar by a dart slug

Levels and vault maps discovered:
D:1:      dpeg_arrival_connections, layout_loops_cross, nrook_mini_vaults,
          hangedman_abyss_or_decor_stabs
D:2:      layout_basic, chequers_temple_overflow_statue_of_worship,
          first_ration, grunt_dithmenos_smoke

Skill      XL: |  1 |
---------------+----+-----
Long Blades    | 2 |  2.1
Fighting       | |  1.7
Armour         | |  0.8
Dodging        | |  2.6
Stealth        | |  0.5
Spellcasting   | |  3.0
Charms         | |  4.8

Action                   || total
-------------------------++-------
Melee: Falchion          ||    41
 Cast: Infusion          ||     1
Armor: Leather armour    ||    10
Dodge: Dodged            ||    29
       Rpst.: Falchion   ||     7

Table legend:
 A = Non-vault XP
 B = Vault XP
 C = Vault XP percentage of total XP
 D = Non-vault monster count
 E = Vault monster count
 F = Vault count percentage of total count
                 A         B        C        D         E       F
            +---------+---------+-------+---------+---------+-------
      Total |      22 |       0 |   0.0 |      14 |       0 |   0.0
            +---------+---------+-------+---------+---------+-------
        D:1 |      22 |       0 |   0.0 |      14 |       0 |   0.0
            +---------+---------+-------+---------+---------+-------
